Map: Kairos Junction LE

Players

JOKER

  • Race: Terran Terran
  • League: Platinum
  • Spawn Location: 5:00

PeLLy - Winner!

  • Race: Zerg Zerg
  • League: Diamond
  • Spawn Location: 11:00

VOD

Have the link to the VOD?

Description

Time

  • Played on: Aug. 7, 2019, 5:08 p.m.
  • Length: 13:30
Show
View Real Time Build Order
Export as new Build Order

JOKER Terran 

Build Orders: 1/1/1 

Get SALT Encoding   

  12  0:01  SCV  
  13  0:13  SCV  
  14  0:17  Supply Depot  
  14  0:25  SCV  
  15  0:32  Refinery  
  15  0:39  SCV  
  16  0:45  Barracks  
  16  0:51  SCV  
  17  1:03  SCV  
  18  1:12  Refinery  
  18  1:15  SCV  
  19  1:27  SCV  
  20  1:34  Factory  
  20  1:35  Marine  
  21  1:40  Orbital Command  
  21  1:47  Supply Depot  
  21  1:53  Marine  
  22  2:06  SCV  
  23  2:11  Marine  
  24  2:18  SCV  
  24  2:21  Widow Mine  
  27  2:27  Starport  
  27  2:34  Supply Depot  
  27  2:35  SCV  
  27  2:37  Marine  
  29  2:46  Widow Mine  
  31  2:55  SCV  
  31  2:57  Supply Depot, Marine  
  33  3:06  Starport Tech Lab  
  33  3:13  Fusion Core  
  33  3:14  SCV  
  33  3:19  Marine  
  35  3:27  SCV  
  35  3:31  Supply Depot  
  36  3:39  SCV  
  37  3:45  Barracks Reactor  
  37  3:51  SCV  
  38  3:59  Command Center  
  38  4:01  Battlecruiser  
  44  4:14  Barracks  
  44  4:18  Engineering Bay  
  44  4:20  SCV  
  45  4:32  SCV  
  46  4:40  Hellion x2  
  46  4:41  Barracks Tech Lab  
  46  4:44  SCV  
  51  4:53  Armory  
  51  4:56  SCV  
  52  5:03  Hellion  
  54  5:10  Marine  
  54  5:11  Hellion, Battlecruiser  
  63  5:28  Marine  
  64  5:37  Orbital Command  
  63  5:58  Marine  
  63  6:01  SCV  
  63  6:04  Hellion x2  
  69  6:16  SCV  
  69  6:18  Supply Depot, Weapon Refit  
  70  6:22  Supply Depot  
  70  6:24  Supply Depot  
  70  6:27  Terran Vehicle Weapons Level 1  
  70  6:28  Supply Depot  
  70  6:30  Supply Depot  
  70  6:33  Refinery  
  70  6:39  SCV  
  71  6:46  Starport  
  71  6:54  Bunker  
  71  6:59  Bunker  
  71  7:04  Hellion x2  
  71  7:07  Barracks Reactor  
  75  7:20  SCV x2  
  77  7:24  Battlecruiser  
  83  7:34  Refinery  
  83  7:38  SCV x2  
  85  7:50  SCV  
  86  7:52  SCV  
  86  7:57  Marine x2  
  89  7:59  Hellion x2  
  89  8:02  SCV, Battlecruiser  
  100  8:11  Command Center  
  100  8:18  Missile Turret, Marine x2  
  100  8:19  Missile Turret  
  102  8:37  Battlecruiser  
  102  8:38  Marine x2  
  110  8:49  Terran Vehicle Weapons Level 2  
  110  9:22  Marine x2  
  110  9:23  SCV x2, Hellion x2  
  118  9:35  SCV x2  
  120  9:46  Refinery  
  120  9:47  SCV x2  
  120  9:48  Missile Turret, Refinery  
  122  9:55  Marine x2  
  122  9:59  SCV  
  125  10:02  Missile Turret x2  
  125  10:08  Orbital Command  
  125  10:09  Bunker  
  125  10:24  Bunker  
  125  10:47  SCV x2  
  125  10:48  Marine  
  124  10:55  Widow Mine  
  122  10:58  Battlecruiser  
  122  11:00  Battlecruiser  
  112  11:30  Marine x2  
  112  11:32  Hellion x2  
  118  11:55  SCV x3  
  121  12:05  Battlecruiser  
  88  12:38  SCV, Widow Mine x2  
  85  12:44  Marine x2  
  54  13:06  Marine  
Show
View Real Time Build Order
Export as new Build Order

PeLLy Zerg - Winner!

Build Orders: Hatch First 

Get SALT Encoding   

  12  0:00  Drone  
  13  0:15  Overlord  
  13  0:23  Drone  
  14  0:33  Drone x2  
  16  0:39  Drone  
  17  0:56  Hatchery  
  16  0:57  Drone  
  16  1:03  Drone, Extractor  
  17  1:17  Spawning Pool  
  16  1:20  Drone  
  17  1:26  Drone  
  18  1:35  Drone  
  19  1:43  Overlord  
  19  1:56  Drone  
  20  2:04  Queen  
  20  2:08  Queen  
  22  2:10  Zergling x4  
  22  2:11  Metabolic Boost  
  26  2:16  Zergling x2  
  26  2:20  Zergling x2  
  28  2:25  Zergling x2  
  29  2:50  Overlord x2  
  29  3:08  Queen  
  31  3:23  Drone  
  31  3:24  Drone x11  
  43  3:28  Extractor  
  43  3:31  Lair  
  42  3:41  Baneling Nest  
  41  3:59  Roach Warren  
  41  4:00  Evolution Chamber  
  41  4:01  Evolution Chamber  
  38  4:03  Drone  
  38  4:04  Drone x4  
  38  4:07  Extractor  
  38  4:09  Extractor  
  41  4:12  Drone  
  42  4:24  Drone  
  42  4:25  Drone  
  42  4:26  Overlord  
  42  4:27  Overlord  
  42  4:31  Spore Crawler  
  43  4:32  Drone  
  44  4:50  Glial Reconstitution  
  44  4:51  Zerg Missile Weapons Level 1  
  44  4:52  Zerg Melee Weapons Level 1  
  44  4:57  Drone  
  44  4:58  Drone x3  
  48  5:14  Drone x5  
  50  5:15  Hatchery  
  52  5:24  Hydralisk Den  
  52  5:27  Spore Crawler  
  52  5:28  Spore Crawler  
  49  5:29  Spore Crawler  
  48  5:41  Queen x2  
  46  5:55  Drone x6  
  51  6:09  Roach x3  
  51  6:10  Roach  
  56  6:19  Spore Crawler  
  56  6:23  Grooved Spines  
  55  6:28  Hydralisk x2  
  59  6:33  Drone x2  
  59  6:34  Drone  
  59  6:38  Drone x2, Extractor  
  63  6:57  Queen  
  65  7:05  Extractor  
  65  7:06  Queen, Extractor  
  65  7:09  Overlord x3  
  65  7:26  Queen  
  65  7:28  Drone x4  
  65  7:29  Drone  
  72  7:33  Drone x9  
  72  7:34  Muscular Augments  
  81  7:38  Spore Crawler  
  81  7:41  Drone  
  81  7:42  Drone x2  
  83  7:56  Spore Crawler  
  83  7:58  Spore Crawler  
  81  8:03  Hydralisk x3  
  81  8:04  Hydralisk  
  89  8:15  Zerg Missile Weapons Level 2  
  89  8:19  Centrifical Hooks  
  89  8:22  Spore Crawler, Overlord  
  89  8:23  Nydus Network  
  89  8:25  Overlord  
  87  8:34  Hydralisk  
  87  8:37  Zerg Melee Weapons Level 2  
  87  8:39  Overlord x2  
  89  8:42  Overlord  
  89  8:49  Drone x3  
  92  9:06  Hydralisk x7  
  106  9:18  Spore Crawler  
  106  9:19  Spine Crawler  
  106  9:20  Spine Crawler  
  103  9:26  Hydralisk x4  
  111  9:34  Spire  
  110  9:40  Hydralisk  
  110  9:41  Hydralisk  
  114  9:49  Drone  
  114  9:50  Drone x5  
  120  10:14  Drone x2  
  111  10:40  Hydralisk x5  
  111  10:42  Overlord x2  
  121  10:53  Zergling x2  
  121  10:56  Overlord x3  
  116  11:05  Spore Crawler  
  103  11:18  Hydralisk  
  103  11:19  Hydralisk x18  
  133  11:29  Hydralisk  
  133  11:30  Hydralisk x2  
  139  11:36  Queen x2  
  143  11:44  Drone x2  
  145  11:54  Nydus Canal  
  145  12:01  Zergling x2  
  145  12:02  Zergling x16  
  135  12:26  Hydralisk x6  
  99  13:12  Hatchery  
Tags
 
Add a new tag
Caveats
  • Supply blocks, unpowered buildings, or Contaminate may cause inaccurate times.
  • Supply counts are checked every 10 seconds.